 Dungeon Crawl Stone Soup version 0.27.1-3-gb3d3a73c9e (webtiles) character file.

Game seed: 15285810563426218245

9783 belegose the Contemplative (level 11, -5/78 HPs)
             Began as a Demonspawn Gladiator on Oct 17, 2021.
             Was a Priest of Cheibriados.
             Slain by a skeletal warrior (7 damage)
             ... led by a death knight
             ... on level 11 of the Dungeon.
             The game lasted 00:33:42 (15014 turns).

belegose the Contemplative (Demonspawn Gladiator)  Turns: 15014, Time: 00:33:42

Health: -5/78      AC:  9    Str: 24    XL:     11   Next: 27%
Magic:  17/17      EV: 19    Int: 19    God:    Cheibriados [***...]
Gold:   864        SH:  6    Dex: 23    Spells: 7/10 levels left

rFire    + . .     SeeInvis +   P - +3 trident
rCold    . . .     Faith    .   o - +0 buckler
rNeg     . . .     Spirit   .   n - +2 leather armour {rF+}
rPois    .         Reflect  .   (helmet restricted)
rElec    .         Harm     .   h - scarf {+Inv}
rCorr    .         Rampage  .   j - +2 pair of gloves
Will     .....                  E - +0 pair of boots
Stlth    ++........             (no amulet)
HPRegen  0.23/turn              L - +4 ring of evasion
MPRegen  0.15/turn              N - ring of see invisible

@: very slow
A: antennae 1, repulsion field 1, demonic guardian 2, powered by death 2
a: Renounce Religion, Evoke Invisibility, Bend Time, Temporal Distortion


You were on level 11 of the Dungeon.
You worshipped Cheibriados.
Cheibriados was most pleased with you.
You visited 2 branches of the dungeon, and saw 12 of its levels.
You also visited: Ossuary.

You collected 864 gold pieces.

Inventory:

Hand Weapons
 a - a +0 trident of venom
 b - a +0 war axe
 P - a +3 trident (weapon)
Missiles
 d - 5 throwing nets
 g - 248 stones
 F - 8 boomerangs
 I - 8 javelins
 M - 41 poisoned darts (quivered)
Armour
 h - a scarf of invisibility (worn)
 j - a +2 pair of gloves (worn)
 n - a +2 leather armour of fire resistance (worn)
 o - a +0 buckler (worn)
 E - a +0 pair of boots (worn)
 O - a +0 scale mail
Magical Staves
 G - a staff of cold
Jewellery
 L - a +4 ring of evasion (left hand)
 N - a ring of see invisible (right hand)
Wands
 m - a wand of iceblast (2)
 q - a wand of polymorph (6)
 J - a wand of mindburst (6)
Scrolls
 c - 2 scrolls of fog {unknown}
 i - 3 scrolls of enchant weapon {unknown}
 l - 2 scrolls of blinking {unknown}
 p - 2 scrolls of noise {unknown}
 y - 3 scrolls of teleportation {unknown}
 A - 2 scrolls of magic mapping {unknown}
 C - 4 scrolls of immolation
 D - 3 scrolls of amnesia {unknown}
 H - a scroll of silence {unknown}
 K - a scroll of enchant armour {unknown}
Potions
 e - a potion of cancellation
 k - 2 potions of magic
 r - a potion of curing
 t - 2 potions of mutation
 u - a potion of resistance
 v - 5 potions of flight
 w - 5 potions of heal wounds
 x - a potion of lignification
 B - 3 potions of attraction


   Skills:
 - Level 4.4 Fighting
 - Level 3.4(5.6) Axes
 + Level 7.0(7.3) Polearms
 + Level 7.6 Throwing
 + Level 4.0 Armour
 - Level 2.6 Dodging
 - Level 4.0 Shields
 + Level 3.9 Summonings
 + Level 8.9 Invocations
 + Level 7.9 Evocations


You had 7 spell levels left.
You knew the following spells:

 Your Spells              Type           Power      Damage    Failure   Level
a - Call Canine Familiar  Summ           15%        N/A       14%         3

Your spell library contained the following spells:

 Spells                   Type           Power      Damage    Failure   Level
 Apportation              Tloc           0%         N/A       22%         1
 Summon Guardian Golem    Hex/Summ       7%         N/A       30%         3
 Portal Projectile        Hex/Tloc       0%         N/A       56%         3
 Leda's Liquefaction      Hex/Erth       0%         N/A       92%         4
 Alistair's Intoxication  Tmut/Pois      0%         N/A       99%         5
 Blade Hands              Tmut           0%         N/A       99%         5
 Excruciating Wounds      Necr           0%         N/A       99%         5
 Fireball                 Conj/Fire      0%         3d3       99%         5
 Invisibility             Hex            0%         N/A       100%        6
 Starburst                Conj/Fire      0%         6d3       100%        6
 Orb of Destruction       Conj           0%         N/A       100%        7
 Spellforged Servitor     Conj/Summ      3%         N/A       100%        7
 Ignition                 Fire           0%         3d3       100%        8


Dungeon Overview and Level Annotations

Branches:
Dungeon (11/15)            Temple (1/1) D:5            Lair (0/6) D:10
    Orc (0/2) D:10        Ossuary (visited)

Altars:
Ashenzari
Cheibriados
Dithmenos
Elyvilon
Fedhas
Gozag
Hepliaklqana
Kikubaaqudgha
Makhleb
Nemelex Xobeh
Okawaru
Qazlal
Ru
Sif Muna
Trog
Uskayaw
Vehumet
Wu Jian
Xom
Yredelemnul
Zin
The Shining One
Beogh
Lugonu

Annotations:
D:7 2 transporters


Innate Abilities, Weirdness & Mutations

You have a pair of small antennae on your head.
You are surrounded by a mild repulsion field. (EV +2)
A demonic guardian rushes to your aid.
You regenerate health from kills.


Message History

You hit the skeletal warrior but do no damage.
The skeletal warrior is moderately damaged.
You block the skeletal warrior's attack.
You hit the skeletal warrior but do no damage.
The skeletal warrior is moderately damaged.
The skeletal warrior barely misses you.
You closely miss the skeletal warrior.
The skeletal warrior is moderately damaged.
The skeletal warrior hits you but does no damage.
You hit the skeletal warrior.
The skeletal warrior is moderately damaged.
The skeletal warrior closely misses you.
You hit the skeletal warrior.
The skeletal warrior is moderately damaged.
You block the skeletal warrior's attack.
You hit the skeletal warrior but do no damage.
The skeletal warrior is moderately damaged.
You closely miss the skeletal warrior.
The skeletal warrior is moderately damaged.
The skeletal warrior closely misses you.
You hit the skeletal warrior but do no damage.
The skeletal warrior is moderately damaged.
The skeletal warrior hits you with a +0 trident!
* * * LOW HITPOINT WARNING * * *
You closely miss the skeletal warrior.
The skeletal warrior is moderately damaged.
The skeletal warrior hits you with a +0 trident!
* * * LOW HITPOINT WARNING * * *
A demonic guardian appears!
You hit the skeletal warrior but do no damage.
The skeletal warrior is moderately damaged.
Your sixfirhy hits the skeletal warrior but does no damage.
The skeletal warrior misses you.
You hit the skeletal warrior.
The skeletal warrior is moderately damaged.
The skeletal warrior hits you but does no damage.
You hit the skeletal warrior but do no damage.
The skeletal warrior is moderately damaged.
The skeletal warrior hits you with a +0 trident!
You die...

#.#.........#..##..#.# #.
#.#..)......##.#...#.# ##
#.#.........##.....#.#
#.#.........##...#...#
#.#.........###.#.[#.#
#..#..#.#............+
##......#.#.......)..#
########...........#####...#
..............@............#
.............3z............####
..........#......##...........#
#######..##......##............
#.######.###............. #..p
......>...##..#.....# .....
W....................
.......####
.z......#####........ .......##
........# #........


You could see a skeletal warrior (ally target) and a friendly sixfirhy
(summoned).

Vanquished Creatures
  A two-headed ogre (D:8)
  A skeletal warrior (D:11)
  An orc knight (D:10)
  Joseph (D:10)
  Maggie (D:9)
  An unseen horror (D:11)
  A gargoyle (D:11)
  A kobold demonologist (D:9)
  A hornet (D:9)
  A wyvern (D:10)
  A shadow (D:11)
  3 yaks (D:10)
  A steam dragon (D:8)
  2 vampire mosquitoes (D:9)
  2 water moccasins
  9 orc warriors
  2 black bears (D:6)
  3 sky beasts
  An ice beast (D:7)
  4 ogres
  5 centaurs
  A phantom (D:5)
  A kobold brigand (D:6)
  3 bullfrogs
  A gnoll sergeant (D:7)
  A scorpion (D:4)
  8 killer bees (D:9)
  5 wights (D:10)
  A bullfrog zombie (D:5)
  4 centaur zombies
  5 hounds
  3 orc priests
  A gnoll shaman (D:6)
  Crazy Yiuf (D:3)
  An iguana (D:7)
  Ijyb (D:3)
  11 orc wizards
  2 hound skeletons
  8 mummies (Ossuary)
  Robin (D:1)
  8 gnolls
  A howler monkey skeleton (D:7)
  9 adders
  4 shadow imps
  2 white imps
  An ufetubus (D:4)
  An adder skeleton (D:4)
  3 dart slugs
  36 orcs
  6 endoplasms
  3 giant cockroaches
  12 goblins
  11 hobgoblins
  4 jackals (D:4)
  10 kobolds
  2 quokkas (D:1)
  4 ball pythons
  4 bats
  3 hobgoblin zombies (Ossuary)
  4 kobold zombies (Ossuary)
  An orc zombie (Ossuary)
  5 rats
236 creatures vanquished.

Vanquished Creatures (collateral kills)
  A two-headed ogre (D:11)
  A centaur zombie (D:11)
2 creatures vanquished.

Grand Total: 238 creatures vanquished

Notes
Turn   | Place    | Note
-------+----------+-------------------------------------------
     0 | D:1      | belegose the Demonspawn Gladiator began the quest for the
                  | Orb.
     0 | D:1      | Reached XP level 1. HP: 16/16 MP: 1/1
   429 | D:1      | Gained mutation: You regenerate a little health from kills.
                  | [demonic ancestry]
   429 | D:1      | Reached XP level 2. HP: 22/22 MP: 2/2
  1610 | D:2      | Noticed Robin
  1614 | D:2      | Reached XP level 3. HP: 22/28 MP: 3/3
  1724 | D:1      | Reached skill level 1 in Armour
  1774 | D:1      | Killed Robin
  1952 | D:2      | Reached skill level 1 in Evocations
  2125 | D:2      | Reached XP level 4. HP: 34/34 MP: 4/4
  2347 | D:3      | Found a faded altar of an unknown god.
  2664 | D:3      | Gained mutation: You have a pair of small antennae on your
                  | head. [demonic ancestry]
  2664 | D:3      | Reached XP level 5. HP: 40/40 MP: 5/5
  3087 | D:3      | Noticed Ijyb
  3092 | D:3      | Killed Ijyb
  3149 | D:3      | Found a runed translucent door.
  3150 | D:3      | Noticed Crazy Yiuf
  3537 | D:3      | Killed Crazy Yiuf
  3538 | D:3      | Reached skill level 1 in Polearms
  3538 | D:3      | Reached XP level 6. HP: 25/47 MP: 6/6
  3773 | D:4      | Found a sand-covered staircase.
  3779 | Ossuary  | Entered an ossuary
  3841 | Ossuary  | Reached skill level 1 in Shields
  5234 | D:5      | Entered Level 5 of the Dungeon
  5241 | D:5      | Gained mutation: You are surrounded by a mild repulsion
                  | field. (EV +2) [demonic ancestry]
  5241 | D:5      | Reached XP level 7. HP: 53/53 MP: 7/7
  5243 | D:5      | Identified the +8 chain mail of Wasted Space {rC+ Will-
                  | Int+2}
  5716 | D:5      | HP: 1/54 [centaur/arrow (5)]
  6061 | D:5      | Found a staircase to the Ecumenical Temple.
  6070 | Temple   | Entered the Ecumenical Temple
  6108 | Temple   | Became a worshipper of Cheibriados the Contemplative
  6168 | D:5      | Reached skill level 1 in Invocations
  6168 | D:5      | Reached XP level 8. HP: 61/61 MP: 8/8
  6663 | D:5      | Reached skill level 2 in Invocations
  7007 | D:6      | Reached skill level 3 in Invocations
  7088 | D:6      | Reached * piety under Cheibriados
  7291 | D:6      | Reached skill level 5 in Throwing
  7558 | D:6      | Reached skill level 4 in Invocations
  7558 | D:6      | Reached skill level 5 in Evocations
  7558 | D:6      | Gained mutation: You regenerate health from kills. [demonic
                  | ancestry]
  7558 | D:6      | Reached XP level 9. HP: 51/66 MP: 10/12
  8245 | D:7      | Found an iron altar of Okawaru.
  8249 | D:7      | Found a hide-covered altar of Uskayaw.
  8250 | D:7      | Found a broken altar of Ashenzari.
  8252 | D:7      | Found a radiant altar of Vehumet.
  8253 | D:7      | Found a bloodstained altar of Trog.
  8257 | D:7      | Found a burning altar of Makhleb.
  8257 | D:7      | Found a shimmering blue altar of Sif Muna.
  8258 | D:7      | Found a basalt altar of Yredelemnul.
  8717 | D:7      | Reached skill level 5 in Invocations
  8917 | D:7      | Found a transporter.
  8923 | D:7      | Found a transporter.
  8925 | D:7      | Identified the +1 leather armour "Qeotim" {Harm}
  9369 | D:8      | Reached ** piety under Cheibriados
  9559 | D:8      | Reached skill level 5 in Polearms
  9622 | D:8      | Noticed a two-headed ogre
  9638 | D:8      | Killed a two-headed ogre
  9639 | D:8      | Reached skill level 6 in Invocations
  9777 | D:8      | Gained mutation: A weak demonic guardian rushes to your
                  | aid. [demonic ancestry]
  9777 | D:8      | Reached XP level 10. HP: 34/73 MP: 15/15
  9930 | D:8      | Found an opulent altar of Gozag.
  9933 | D:8      | Found a hazy altar of Hepliaklqana.
 10016 | D:8      | Reached skill level 7 in Invocations
 10081 | D:8      | Found an ornate altar of the Wu Jian Council.
 10688 | D:8      | Learned a level 3 spell: Call Canine Familiar
 10825 | D:9      | Found a stormy altar of Qazlal.
 10862 | D:9      | Found a sparkling altar of Nemelex Xobeh.
 10884 | D:9      | Noticed a sixfirhy
 10972 | D:9      | Reached skill level 1 in Summonings
 11305 | D:9      | Reached *** piety under Cheibriados
 11859 | D:10     | Entered Level 10 of the Dungeon
 11873 | D:10     | Noticed Maggie
 11882 | D:9      | Killed Maggie
 12549 | D:10     | Noticed an orc knight
 12560 | D:10     | Reached skill level 8 in Invocations
 12598 | D:10     | Killed an orc knight
 12827 | D:10     | Found a staircase to the Lair.
 12838 | D:10     | Found a staircase to the Orcish Mines.
 13405 | D:10     | Noticed Joseph
 13646 | D:10     | Killed Joseph
 13647 | D:10     | Gained mutation: A demonic guardian rushes to your aid.
                  | [demonic ancestry]
 13647 | D:10     | Reached XP level 11. HP: 49/78 MP: 17/17
 14418 | D:11     | Noticed a skeletal warrior
 14434 | D:11     | Noticed a two-headed ogre
 14447 | D:11     | Killed a two-headed ogre
 14687 | D:11     | Noticed a skeletal warrior
 14705 | D:11     | Killed a skeletal warrior
 14980 | D:11     | Noticed a death knight
 15011 | D:11     | HP: 1/78 [skeletal warrior[a death knight] (16)]
 15014 | D:11     | Slain by a skeletal warrior

Illustrated notes

Levels and vault maps discovered:
D:1:      nicolae_arrival_somewhat_less_tricky_arrival, layout_basic
D:2:      layout_loops_corners, uniq_robin
D:3:      layout_loops_cross, basic_ecumenical_altar, minmay_box_of_dots,
          uniq_ijyb, uniq_crazy_yiuf_cottage
D:4:      layout_gridville, nicolae_ossuary_entry_plus, roderic_roman_lattice,
          kennysheep_generic_room_9
D:5:      layout_loops_ring, minmay_temple_entry_drinking_statues
D:6:      layout_basic, st_stairs_5, kennysheep_decorative_pillar,
          minmay_curled_crystal
D:7:      gammafunk_beogh_shrine, layout_gridville, grunt_temple_overflow_open
D:8:      layout_loops_corners, nicolae_overflow_hidden_temple
D:9:      layout_long_grid, good_gods_temple_1, mainiacjoe_overflow_two_lobes,
          serial_park_tiny_1
D:10:     layout_rooms, lair_entry_dummy, orc_david_3, uniq_joseph, uniq_maggie
D:11:     layout_rooms, evilmike_butchery
Temple:   corrupted_temple

Skill      XL: |  1  2  3  4  5  6  7  8  9 10 11 |
---------------+----------------------------------+-----
Throwing       | 2 3 4 5 6 7 |  7.6
Axes           | 3 |  3.4
Armour         | 1 3 4 |  4.0
Evocations     | 1 2 3 5 6 7 |  7.9
Fighting       | 3 4 |  4.4
Polearms       | 1 2 4 5 6 7 |  7.0
Shields        | 1 2 4 |  4.0
Invocations    | 1 4 6 8 |  8.9
Summonings     | 3 |  3.9
Dodging        | |  2.6

Action                   |  1- 3 |  4- 6 |  7- 9 | 10-12 || total
-------------------------+-------+-------+-------+-------++-------
Melee: War axe           |   101 |    42 |    16 |    15 ||   174
       Trident           |       |   148 |   331 |   340 ||   819
       Unarmed           |       |     4 |       |       ||     4
       Quarterstaff      |       |    40 |     3 |       ||    43
Throw: Boomerang         |       |       |    22 |       ||    22
       Dart              |       |       |       |     7 ||     7
Evoke: Wand              |       |     1 |     8 |     4 ||    13
  Use: Potion            |       |       |     2 |       ||     2
       Scroll            |       |       |       |    10 ||    10
 Stab: Sleeping          |       |     1 |     2 |       ||     3
       Distracted        |       |       |     1 |       ||     1
Armor: Ring mail         |    52 |    24 |       |       ||    76
       Leather armour    |       |    72 |   124 |    67 ||   263
Dodge: Dodged            |    82 |   142 |   274 |   306 ||   804
Block: Buckler           |       |     5 |       |    28 ||    33
